 Dungeon Crawl Stone Soup version 0.26.1-11-gd32895ea62 (webtiles) character file.

Game seed: 4728314142772710287

13966 RepoMan the Photosynthesist (level 11, -14/81 (85) HPs)
             Began as a Demonspawn Transmuter on July 25, 2021.
             Was an Elder of Fedhas.
             Killed by an exploding ballistomycete spore (24 damage)
             ... set off by their pet
             ... on level 12 of the Dungeon.
             The game lasted 01:44:50 (15595 turns).

RepoMan the Photosynthesist (DsTm)                 Turns: 15595, Time: 01:44:51

HP:   -14/81 (85)   AC: 10    Str: 14    XL:     11   Next: 82%
MP:   16/21         EV: 12    Int: 18    God:    Fedhas [****..]
Gold: 841           SH:  0    Dex: 14    Spells: 9/24 levels left

rFire    + + .     SeeInvis .     - Unarmed
rCold    . . .     Faith    .   (shield currently unavailable)
rNeg     . . .     Spirit   .   B - +2 leather armour {rF+}
rPois    .         Reflect  .   c - +2 hat
rElec    .         Harm     .   v - scarf {repulsion}
rCorr    .         Rampage  .   (gloves currently unavailable)
Will     .....                  H - +2 pair of boots {Stlth+}
Stlth    ++........             s - amulet of regeneration
HPRegen  0.63/turn              k - ring of wizardry
MPRegen  0.17/turn              w - ring of protection from fire

@: confused, blade hands (expiring), lightly drained, repel missiles
A: claws 2, powered by pain 3, big brain 2
a: End Transformation, Renounce Religion, Wall of Briars, Grow Ballistomycete,
Overgrow


You were on level 12 of the Dungeon.
You worshipped Fedhas.
Fedhas was greatly pleased with you.
You had blades for hands.
You visited 1 branch of the dungeon, and saw 12 of its levels.
You also visited: Sewer.

You collected 841 gold pieces.

Inventory:

Hand Weapons
 q - a +2 dagger of venom (melded)
Armour
 c - a +2 hat (worn)
 g - a +1 robe of cold resistance
 v - a scarf of repulsion (worn)
 B - a +2 leather armour of fire resistance (worn)
 H - a +2 pair of boots of stealth (worn)
 M - the cursed +1 ring mail of Pidu {+Fly rCorr}
   (You found it on level 11 of the Dungeon)

   It lets you fly.
   It provides partial protection from all sources of acid and corrosion.
   It has a curse placed upon it.
Jewellery
 f - an uncursed ring of magical power
 h - a +4 ring of protection
 k - a ring of wizardry (left scythe-like blade)
 s - an amulet of regeneration (around neck)
 w - a ring of protection from fire (right scythe-like blade)
Wands
 a - a wand of paralysis (10)
 m - a wand of polymorph (6)
 E - a wand of random effects (14)
 F - a wand of iceblast (6)
 I - a wand of acid (12)
 L - a wand of flame (20)
Scrolls
 b - a scroll of immolation
 d - a scroll of summoning {unknown}
 i - 4 scrolls of identify
 n - 2 scrolls of remove curse
 o - 4 scrolls of magic mapping
 t - 3 scrolls of teleportation
 u - a scroll of fog
 y - a scroll of holy word {unknown}
 A - 3 scrolls of enchant armour {unknown}
 C - 2 scrolls of enchant weapon {unknown}
 D - a scroll of amnesia {unknown}
 J - a scroll of noise {unknown}
Potions
 e - a potion of flight
 j - 2 potions of mutation
 l - a potion of curing
 p - a potion of haste
 r - a potion of might
 x - 2 potions of ambrosia
 z - 3 potions of magic
 G - a potion of berserk rage {unknown}
 K - a potion of degeneration {unknown}


   Skills:
 + Level 7.7 Fighting
 * Level 2.7 Dodging
 + Level 9.7 Unarmed Combat
 - Level 7.1 Spellcasting
 - Level 9.2 Transmutations
 + Level 9.8 Invocations


You had 9 spell levels left.
You knew the following spells:

 Your Spells              Type           Power        Failure   Level
a - Beastly Appendage     Tmut           78%          4%          1
c - Ice Form              Ice/Tmut       22%          32%         4
h - Blade Hands           Tmut           19%          19%         5
s - Spider Form           Tmut/Pois      11%          16%         3
w - Wereblood             Tmut           39%          4%          2

Your spell library contained the following spells:

 Spells                   Type           Power        Failure   Level
 Blink                    Tloc           N/A          32%         2
 Gell's Gravitas          Tloc           3%           45%         3
 Lesser Beckoning         Tloc           3%           45%         3
 Teleport Other           Tloc           6%           45%         3
 Passage of Golubria      Tloc           N/A          77%         4


Dungeon Overview and Level Annotations

Branches:
Dungeon (12/15)            Temple (0/1) D:4             Orc (0/2) D:11
  Sewer (visited)
   Lair: D:8-11

Altars:
Ashenzari
Cheibriados
Dithmenos
Elyvilon
Fedhas
Gozag
Okawaru
Qazlal
Sif Muna
Yredelemnul
Zin
The Shining One
Beogh

Shops:
D:4 (

Annotations:
D:4 1 runed translucent door, Crazy Yiuf
D:8 Joseph


Innate Abilities, Weirdness & Mutations

You have very sharp fingernails.
You are powered by pain.
You have an extremely huge brain. (Int +4)


Message History

Unknown command.
The bullfrog hits you.
* * * LOW HITPOINT WARNING * * *
A ballistomycete spore comes into view.
Unknown command.
The bullfrog hits you.
* * * LOW HITPOINT WARNING * * *
A ballistomycete spore comes into view.
Unknown command.
Okay, then.
Unknown command.
Unknown command.
Unknown command.
Unknown command.
You swap places.
Your ballistomycete spore explodes!
The explosion of spores engulfs you!!
You are confused.
You die...
Fedhas appreciates your contribution to the ecosystem.

#........# #........# ..
#........# ... ######'### ...
##.# ###'# ###..# #... #...##
##'######## #.### ###P*..F....#
####+ ###'#### ###.'..@zZz...####
#.<.. .......###...#....z....'..#
#....
.......##..###.........##...#.9..
.......'..## #.....)..<# #....
.......#### #....()...# #...9
.......# #.......(.# +..§.
.......# ########### #...§
.......# #..§§ ######## #####


You could see a bullfrog, 3 wights, a centaur zombie, a friendly ballistomycete
(summoned) and a friendly ballistomycete spore.

Vanquished Creatures
  Erolcha (D:10)
  Josephine (D:10)
  A two-headed ogre (D:11)
  Pikel (D:3)
  Maurice (D:10)
  3 ugly things
  2 cyclopes (D:12)
  2 molten gargoyles (D:12)
  A troll (D:9)
  A vampire (D:12)
  3 wraiths (D:10)
  6 yaks
  2 wyverns (D:11)
  Duvessa (D:7)
  A hornet zombie (D:6)
  A phantom (D:9)
  An ice beast (D:8)
  6 orc warriors
  4 ogres
  An eye of draining (D:9)
  A necrophage (D:11)
  2 sky beasts
  14 killer bees
  4 centaurs
  6 bullfrogs
  Dowan (D:7)
  2 scorpions
  A wyvern skeleton (D:10)
  5 wights
  2 howler monkeys
  2 bullfrog zombies
  A hound (D:5)
  5 jellies
  12 orc wizards
  11 orc priests
  2 centaur skeletons
  2 bullfrog skeletons
  2 centaur zombies
  Terence (D:2)
  2 iguanas
  Natasha (thrice) (D:3)
  11 worker ants
  A killer bee zombie (D:7)
  A hound zombie (D:7)
  2 hound skeletons (D:4)
  3 gnolls (D:6)
  2 worker ant zombies
  14 adders
  A white imp (D:6)
  4 ufetubi
  3 oozes
  An adder zombie (D:5)
  8 worms
  A dart slug (D:1)
  5 leopard geckos
  65 orcs
  8 bats
  4 giant cockroaches
  10 hobgoblins
  14 jackals
  15 kobolds
  10 quokkas
  4 ball pythons
  A ball python skeleton (D:4)
  7 frilled lizards
  A giant cockroach zombie (D:5)
  13 goblins
  A leopard gecko skeleton (D:2)
  10 rats
341 creatures vanquished.

Vanquished Creatures (collateral kills)
  Harold (D:11)
  A kobold demonologist (D:11)
  A killer bee (D:8)
  3 orc warriors (D:12)
  2 big kobolds (D:11)
  An orc priest (D:11)
  A hound (D:11)
  9 orcs
  20 ballistomycete spores
39 creatures vanquished.

Vanquished Creatures (others)
  4 killer bees
  2 ballistomycete spores
  20 plants
26 creatures vanquished.

Grand Total: 406 creatures vanquished

Notes
Turn   | Place    | Note
-------+----------+-------------------------------------------
     0 | D:1      | RepoMan the Demonspawn Transmuter began the quest for the
                  | Orb.
     0 | D:1      | Reached XP level 1. HP: 15/15 MP: 3/3
   275 | D:1      | Gained mutation: You have an unusually large brain. (Int
                  | +2) [demonic ancestry]
   275 | D:1      | Reached XP level 2. HP: 12/21 MP: 3/5
   441 | D:1      | Learned a level 2 spell: Wereblood
  1198 | D:1      | Gained mutation: You have sharp fingernails. [demonic
                  | ancestry]
  1198 | D:1      | Reached XP level 3. HP: 26/26 MP: 4/6
  1734 | D:2      | Gained mutation: You sometimes gain a little power by
                  | taking damage. [demonic ancestry]
  1734 | D:2      | Reached XP level 4. HP: 24/33 MP: 5/7
  1945 | D:2      | Found a shimmering blue altar of Sif Muna.
  2108 | D:2      | Noticed Terence
  2123 | D:2      | Killed Terence
  2279 | D:2      | Found a blossoming altar of Fedhas.
  2313 | D:2      | Became a worshipper of Fedhas Madash
  2823 | D:2      | Learned a level 3 spell: Spider Form
  2905 | D:3      | Reached XP level 5. HP: 38/38 MP: 5/9
  3034 | D:3      | Noticed Natasha
  3040 | D:3      | Killed Natasha
  3302 | D:3      | Noticed Natasha
  3305 | D:3      | Reached * piety under Fedhas
  3308 | D:3      | Killed Natasha
  3659 | D:4      | Found a glowing drain.
  3687 | Sewer    | Entered a sewer
  3735 | Sewer    | Gained mutation: You sometimes gain power by taking damage.
                  | [demonic ancestry]
  3735 | Sewer    | Reached XP level 6. HP: 46/46 MP: 8/10
  4487 | D:4      | Noticed Pikel
  4521 | D:4      | Noticed a chaos spawn
  4521 | D:4      | a lemure changed into a chaos spawn
  5103 | D:3      | Noticed Natasha
  5127 | D:3      | Killed Natasha
  5789 | D:3      | Killed Pikel
  5790 | D:3      | Reached skill level 5 in Transmutations
  5790 | D:3      | Reached XP level 7. HP: 34/53 MP: 9/12
  5863 | D:4      | You fall into a shaft and drop 1 floor!
  5863 | D:5      | Entered Level 5 of the Dungeon
  5975 | D:4      | Found a staircase to the Ecumenical Temple.
  5975 | D:4      | Found Joonli's Antique Weapon Shop.
  5983 | D:4      | Found a white marble altar of Elyvilon.
  6035 | D:4      | Found a stormy altar of Qazlal.
  6118 | D:4      | Found a runed translucent door.
  6119 | D:4      | Noticed Crazy Yiuf
  6339 | D:5      | Reached ** piety under Fedhas
  6364 | D:5      | Found a broken altar of Ashenzari.
  6424 | D:5      | Found a glowing silver altar of Zin.
  6671 | D:5      | Gained mutation: You are powered by pain. [demonic
                  | ancestry]
  6671 | D:5      | Reached XP level 8. HP: 60/60 MP: 9/14
  6920 | D:5      | Found a snail-covered altar of Cheibriados.
  7123 | D:5      | Found a shadowy altar of Dithmenos.
  7253 | D:5      | Found an iron altar of Okawaru.
  7253 | D:5      | Found an opulent altar of Gozag.
  7465 | D:5      | Reached skill level 5 in Unarmed Combat
  8187 | D:6      | Reached *** piety under Fedhas
  8192 | D:6      | Reached skill level 5 in Fighting
  8204 | D:6      | Reached skill level 5 in Spellcasting
  8895 | D:6      | Gained mutation: You have very sharp fingernails. [demonic
                  | ancestry]
  8895 | D:6      | Reached XP level 9. HP: 68/68 MP: 14/16
  8978 | D:6      | Learned a level 5 spell: Blade Hands
  8983 | D:6      | Learned a level 4 spell: Ice Form
  9496 | D:6      | Found a basalt altar of Yredelemnul.
  9737 | D:7      | Noticed Dowan
  9748 | D:7      | Noticed Duvessa
  9763 | D:7      | Killed Duvessa
  9765 | D:7      | Killed Dowan
 10515 | D:8      | Reached **** piety under Fedhas
 11023 | D:8      | Found a glowing golden altar of the Shining One.
 11136 | D:8      | Noticed Joseph
 12004 | D:9      | Reached skill level 1 in Invocations
 12005 | D:9      | Found a glowing silver altar of Zin.
 12363 | D:9      | Gained mutation: You have an extremely huge brain. (Int +4)
                  | [demonic ancestry]
 12363 | D:9      | Reached XP level 10. HP: 76/76 MP: 18/18
 12681 | D:10     | Entered Level 10 of the Dungeon
 12777 | D:10     | Reached ***** piety under Fedhas
 13015 | D:10     | Noticed Maurice
 13026 | D:10     | Killed Maurice
 13027 | D:10     | Reached skill level 5 in Invocations
 13236 | D:10     | Noticed Josephine
 13255 | D:10     | Killed Josephine
 13535 | D:10     | Noticed Erolcha
 13549 | D:10     | Killed Erolcha
 13784 | D:11     | Found a staircase to the Orcish Mines.
 13821 | D:11     | Noticed a cyan ugly thing
 13941 | D:11     | Reached XP level 11. HP: 61/83 MP: 15/20
 13971 | D:11     | Noticed a two-headed ogre
 13978 | D:11     | Killed a two-headed ogre
 14107 | D:11     | Noticed a green ugly thing
 14107 | D:11     | Noticed Harold
 14112 | D:11     | Killed a green ugly thing
 14116 | D:11     | Killed Harold
 14907 | D:11     | Killed a cyan ugly thing
 14913 | D:11     | Got a slimy ring mail
 14914 | D:11     | Identified the cursed +1 ring mail of Pidu {+Fly rCorr}
                  | (You found it on level 11 of the Dungeon)
 15220 | D:12     | Noticed a green ugly thing
 15237 | D:12     | Killed a green ugly thing
 15421 | D:12     | Found a roughly hewn altar of Beogh.
 15595 | D:12     | Killed by an exploding ballistomycete spore... set off by
                  | their pet

Illustrated notes

Levels and vault maps discovered:
D:1:      roderic_crop_circles_arrival_large, layout_basic
D:2:      layout_loops_ring, lemuel_blue_sif_altar, fedhas_ov_isle_minmay,
          uniq_terence
D:3:      wander_river, layout_loops_ring, minmay_misc_feat_secret_circle,
          columned_hall_lemuel, uniq_natasha
D:4:      layout_basic, elyvilon_altar_4, nzn_wu_jian_council_hall,
          lemuel_round_altar, kennysheep_mini_moat,
          minmay_temple_entry_water_ring, serial_shops, shop,
          cheibrodos_sewer_entry_bend, uniq_crazy_yiuf_cottage, uniq_pikel
D:5:      layout_loops_ring, nicolae_overflow_crystal_walls,
          lemuel_doored_altar, kennysheep_mini, old_standard_altar,
          amethyst_overflow_temple_binary, st_stairs_12,
          kennysheep_generic_room_14
D:6:      layout_loops_ring, lemuel_coloured_pillars_altar
D:7:      layout_basic, kennysheep_nub, uniq_duvessa
D:8:      layout_cave_pools, tso_metal_star, lair_entry_dummy, basic_altar,
          minivault_24, uniq_joseph
D:9:      layout_layer_cave, lemuel_tele_altar
D:10:     layout_cave_pods, serial_column_ruins, column_ruins_hut,
          column_ruins_columns_dead_end, column_ruins_open_small,
          column_ruins_open_medium, column_ruins_open_medium,
          column_ruins_corridor_T, column_ruins_corridor_dead_end,
          uniq_josephine, uniq_erolcha, uniq_maurice
D:11:     layout_long_grid, orc_0_dummy, uniq_harold
D:12:     layout_roguey [special_room_orc], minivault_8

Skill      XL: |  1  2  3  4  5  6  7  8  9 10 11 |
---------------+----------------------------------+-----
Transmutations | 2 3 5 7 8 9 |  9.2
Unarmed Combat | 3 4 5 7 8 9 |  9.7
Fighting       | 2 3 4 5 6 7 |  7.7
Spellcasting   | 3 4 5 6 7 |  7.1
Invocations    | 1 8 9 |  9.8
Dodging        | 2 |  2.7

Action                   |  1- 3 |  4- 6 |  7- 9 | 10-12 || total
-------------------------+-------+-------+-------+-------++-------
Melee: Unarmed           |   100 |    35 |    58 |   135 ||   328
       Headbutt          |    12 |    21 |    62 |    19 ||   114
       Kick              |    25 |    36 |    83 |    27 ||   171
       Punch             |     1 |     1 |    11 |     8 ||    21
       Short sword       |       |   214 |   175 |       ||   389
       Dagger            |       |       |   129 |    91 ||   220
 Cast: Beastly Appendage |    25 |    36 |    51 |    11 ||   123
       Wereblood         |       |     5 |     7 |     4 ||    16
       Spider Form       |       |     2 |     2 |       ||     4
       Blade Hands       |       |       |     7 |    19 ||    26
       Ice Form          |       |       |       |     2 ||     2
Invok: Grow Ballistomyce |       |       |       |     4 ||     4
       Overgrow          |       |       |       |     2 ||     2
Evoke: Wand              |       |     2 |     6 |    11 ||    19
  Use: Scroll            |       |     5 |     8 |     7 ||    20
       Potion            |       |       |     8 |     3 ||    11
 Stab: Sleeping          |     2 |     2 |     4 |     1 ||     9
       Confused          |       |       |       |     1 ||     1
Armor: Robe              |    10 |    76 |    83 |     1 ||   170
       Skin              |       |       |     4 |     4 ||     8
       Leather armour    |       |       |       |    76 ||    76
Dodge: Dodged            |    68 |   150 |   229 |   171 ||   618
       Repelled          |       |       |       |     3 ||     3
